 Dungeon Crawl Stone Soup version 0.17-a0-1481-gfdcec5c (webtiles) character file.

92 Fluffy the Skirmisher (level 4, -2/37 (38) HPs)
             Began as a Ghoul Gladiator on July 4, 2015.
             Was a Follower of Makhleb.
             Killed from afar by an orc wizard (8 damage)
             ... with a magic dart
             ... on level 3 of the Dungeon.
             The game lasted 00:04:30 (1581 turns).

Fluffy the Skirmisher (Ghoul Gladiator)             Turns: 1581, Time: 00:04:30

HP:   -2/37 (38)    AC:  6    Str: 18    XL:     4   Next: 60%
MP:   3/4           EV: 11    Int:  4    God:    Makhleb [*.....]
Gold: 103           SH:  0    Dex:  9    Spells: 0 memorised, 3 levels left

rFire  . . .     SeeInvis .       - Unarmed
rCold  + . .     Clarity  .     h - +0 ring mail
rNeg   + + +     SustAt   .     (no shield)
rPois  ∞         Gourm    .     b - +0 helmet
rElec  .         Spirit   .     (no cloak)
rCorr  .         Warding  .     (no gloves)
rMut   .         Stasis   .     (no boots)
MR     +....                    (no amulet)
Stlth  ..........               (no ring)
                                a - ring of protection from magic

@: rotting, somewhat resistant to hostile enchantments, extremely unstealthy
A: rotting body, claws 1, carnivore 3, cold resistance 1, negative energy
resistance 3, slow healing 1, torment resistance, unbreathing
a: Renounce Religion


You were on level 3 of the Dungeon.
You worshipped Makhleb.
Makhleb was aware of your devotion.
You were not hungry.

You visited 1 branch of the dungeon, and saw 3 of its levels.

You collected 103 gold pieces.

Inventory:

Missiles
 c - 3 throwing nets (quivered)
Armour
 b - a +0 helmet (worn)
 h - a +0 ring mail (worn)
Jewellery
 a - a ring of protection from magic (left claw)
Magical devices
 o - a wand of enslavement (12)
Scrolls
 e - 2 scrolls of teleportation {unknown}
 g - a scroll of amnesia {unknown}
 i - a scroll of immolation {unknown}
 n - 2 scrolls of identify {unknown}
Potions
 j - a potion of ambrosia {unknown}
 k - a potion of curing {unknown}
 m - a potion of flight {unknown}
Comestibles
 d - 3 meat rations
 f - a beef jerky


   Skills:
 + Level 3.4 Fighting
 - Level 1.7 Throwing
 + Level 1.4 Armour
 + Level 3.3 Dodging
 - Level 3.2 Unarmed Combat
 + Level 1.5 Invocations


You had 3 spell levels left.
You didn't know any spells.

Dungeon Overview and Level Annotations

Branches:
Dungeon (3/15)

Altars:
Makhleb


Innate Abilities, Weirdness & Mutations

Your body is rotting away.
You thrive on raw meat.
You are immune to poison.
You have sharp fingernails.
You are carnivorous and can eat meat at any time.
Your flesh is cold resistant.
You are immune to negative energy.
You heal slowly when monsters are visible.
You are immune to unholy pain and torment.
You can survive without breathing.


Message History

You scratch the orc priest.
The orc priest is almost dead.
You claw the orc priest!
You kill the orc priest!
Makhleb accepts your kill. The giant cockroach closely misses you.
You claw the giant cockroach!
You kill the giant cockroach!
Makhleb accepts your kill.
You can now gain health from killing.
The orc wizard barely misses you.
You scratch the orc wizard.
The orc wizard begins to bleed from its wounds!
The orc wizard is heavily wounded.
The orc wizard hits you but does no damage.
You barely miss the orc wizard.
The orc wizard is heavily wounded.
The orc wizard closely misses you.
The orc wizard points at you and mumbles some strange words.
The magic dart hits you!
You die...

#.# .# #<####.#
#......# ###
#......##
.....###.......#
.............#.#
####.###.....# #
#.#####.###.##
#.oo@........#
#..####....?...
.... #####..##
#.#. .# #.. # ##


You could see an orc wizard (bleeding) and an orc.

Vanquished Creatures
  An orc priest (D:3)
  2 adders (D:2)
  2 worms (D:2)
  A giant gecko (D:2)
  2 orcs (D:3)
  3 giant cockroaches
  6 goblins
  5 hobgoblins
  4 kobolds
  A quokka (D:2)
  3 bats
  2 giant newts
  5 rats
37 creatures vanquished.

Notes
Turn   | Place    | Note
--------------------------------------------------------------
     0 | D:1      | Fluffy the Ghoul Gladiator began the quest for the Orb.
     0 | D:1      | Reached XP level 1. HP: 17/17 MP: 0/0
   343 | D:1      | Reached XP level 2. HP: 23/23 MP: 1/1
   700 | D:2      | Found a burning altar of Makhleb.
   700 | D:2      | Noticed a green death
   703 | D:2      | Noticed a ynoxinul
   703 | D:2      | Noticed a ynoxinul
   705 | D:2      | Became a worshipper of Makhleb the Destroyer
   736 | D:2      | Reached XP level 3. HP: 22/30 MP: 2/2
   924 | D:2      | Reached skill level 1 in Invocations
  1558 | D:3      | Reached skill level 1 in Armour
  1558 | D:3      | Reached XP level 4. HP: 35/37 MP: 3/3
  1579 | D:3      | Acquired Makhleb's first power
  1581 | D:3      | Killed from afar by an orc wizard

Vault maps used:
D:1:      minmay_arrival_up_and_down
D:2:      makhleb_altar_promises_db
D:3:      lemuel_round_altar

Action                   |  1- 3 |  4- 6 || total
-------------------------+-------+-------++-------
Melee: Unarmed           |   121 |    23 ||   144
  Eat: Chunk             |    12 |       ||    12
